 Dungeon Crawl Stone Soup version 0.21-a0-150-gc243083 (webtiles) character file.

3331 drasked the Grappler (level 9, -4/89 HPs)
             Began as a Troll Monk on July 26, 2017.
             Slain by a hog (10 damage)
             ... on level 7 of the Dungeon.
             The game lasted 00:09:55 (5750 turns).

drasked the Grappler (Troll Monk)                   Turns: 5750, Time: 00:09:56

Health: -4/89      AC:  5    Str: 24    XL:     9   Next: 71%
Magic:  8/8        EV: 12    Int:  6    God:
Gold:   320        SH:  0    Dex: 10    Spells: 8/8 levels left

rFire    . . .     SeeInvis +     - Unarmed
rCold    . . .     Gourm    +   (no shield)
rNeg     . . .     Faith    +   a - +0 robe
rPois    .         Spirit   .   (helmet restricted)
rElec    .         Reflect  .   (no cloak)
rCorr    .         Harm     .   (gloves unavailable)
MR       .....                  (boots unavailable)
Stlth    +.........             k - amulet of faith {Faith, !P}
HPRegen  0.64/turn              u - -2 ring of dexterity (curse)
MPRegen  0.11/turn              n - ring of see invisible {sInv, !d}

@: no status effects
A: unfitting armour, claws 3, fast metabolism 3, gourmand, regeneration 1,
shaggy fur 1, tough skin 2
a: no special abilities


You were on level 7 of the Dungeon.
You were completely stuffed.

You visited 2 branches of the dungeon, and saw 8 of its levels.

You collected 320 gold pieces.

Inventory:

Missiles
 m - 3 throwing nets {=f, !d}
Armour
 a - a +0 robe (worn)
Jewellery
 k - an amulet of faith (around neck) {Faith, !P}
   (You found it on level 3 of the Dungeon)
 n - a ring of see invisible (right claw) {sInv, !d}
   (You found it on level 3 of the Dungeon)
 q - an uncursed ring of resist corrosion
   (You found it on level 3 of the Dungeon)
 u - a cursed -2 ring of dexterity (left claw)
   (You found it on level 6 of the Dungeon)
Scrolls
 c - 3 scrolls of identify
 d - a scroll of blinking {!r}
 g - 2 scrolls of enchant armour
 h - 2 scrolls of magic mapping {!r}
 s - 3 scrolls of teleportation
Potions
 l - 2 potions of haste
 o - a potion of curing
 p - a potion of cancellation
 r - a potion of magic
 t - 2 potions of agility
 z - a potion of degeneration {!q}
Books
 j - a book of Misfortune
   (You found it on level 2 of the Dungeon)
Comestibles
 b - 13 bread rations {@e1}
 f - 5 royal jellies
 x - 2 meat rations {@e2}
 A - a fruit


   Skills:
 + Level 6.2 Fighting
 + Level 6.2 Dodging
 - Level 1.0 Stealth
 * Level 10.2 Unarmed Combat


You had 8 spell levels left.
You didn't know any spells.

Dungeon Overview and Level Annotations

Branches:
Dungeon (7/15)             Temple (1/1) D:6

Altars:
Ashenzari
Cheibriados
Dithmenos
Elyvilon
Fedhas
Gozag
Hepliaklqana
Kikubaaqudgha
Makhleb
Nemelex Xobeh
Okawaru
Qazlal
Ru
Sif Muna
Trog
Uskayaw
Vehumet
Wu Jian
Xom
Yredelemnul
Zin
The Shining One

Shops:
D:4 [


Innate Abilities, Weirdness & Mutations

You are too large for most types of armour.
You have claws for hands.
Your metabolism is lightning-fast.
You like to eat raw meat.
Your natural rate of healing is unusually fast.
You are covered in fur. (AC +1)
You have very tough skin. (AC +2)


Message History

A scorpion is nearby!
The scorpion stings you.
You take 5 damage, and have 84/89 hp.
You closely miss the scorpion. The scorpion barely misses you.
You scratch the scorpion but do no damage.
The scorpion stings you.
You are poisoned.
The scorpion poisons you!
You take 2 damage, and have 82/89 hp.
You closely miss the scorpion.
You feel sick. The scorpion stings you!
You take 11 damage, and have 71/89 hp.
You scratch the scorpion but do no damage.
You feel sick.
You claw the scorpion! The scorpion stings you.
You are more poisoned.
The scorpion poisons you!
You take 1 damage, and have 70/89 hp.
You scratch the scorpion. Your claw misses the scorpion.
You feel sick. The scorpion stings you!
You are more poisoned.
The scorpion poisons you!
You take 7 damage, and have 63/89 hp.
You closely miss the scorpion. You claw the scorpion.
You kill the scorpion!
You feel sick.
You take 1 damage, and have 62/89 hp.
No target in view!
No target in view!
You start resting.
You feel sick. x23
You are no longer poisoned.
You start resting.
Eating one of 5 chunks of flesh {@w0}.
You eat one of the 5 chunks of flesh {@w0}.
This raw flesh tastes great.
x - 2 meat rations {@e2} (gained 1)
b - 13 bread rations {@e1} (gained 1) As you open the door, it creaks loudly!
There is an open door here.
Found a stone staircase leading down.
Found a stone staircase leading up.
Health restored: 89
There is a stone staircase leading up here.
You now have 266 gold pieces (gained 13).
Eating one of 4 chunks of flesh {@w0}.
You eat one of the 4 chunks of flesh {@w0}.
This raw flesh tastes great.
You now have 279 gold pieces (gained 13).
You now have 299 gold pieces (gained 20).
You now have 320 gold pieces (gained 21).
You open the door. 3 hogs, a yak and a human come into view.
The hog squeals angrily. x2; The yak bellows!
There is an open door here.
There are monsters nearby!
There are monsters nearby!
The human shouts!
You barely miss the human. The human hits you with a hand axe.
The hog barely misses you.
You take 6 damage, and have 83/89 hp.
You scratch the human. The human hits you with a hand axe!
You take 8 damage, and have 75/89 hp.
You miss the human. The hog bites you! The hog misses you.
The human hits you with a hand axe!
You take 15 damage, and have 60/89 hp.
You miss the human. The hog bites you! The hog barely misses you.
You take 8 damage, and have 52/89 hp.
You are too injured to fight recklessly!
You are too injured to fight recklessly!
You are too injured to fight recklessly!
The hog closely misses you. The hog bites you!
There is an open door, spattered with blood here.
You take 10 damage, and have 42/89 hp.
Unknown command.
All of the chunks of flesh in your inventory have rotted away.
You scratch the human. The human hits you with a hand axe.
You miss the human. The human barely misses you.
You claw the human! Your claw misses the human.
The human hits you with a hand axe.
You completely miss the human. You mangle the human!!
You kill the human!
You closely miss the hog. You claw the hog! You mangle the hog!!
The hog bites you!
You take 10 damage, and have 34/89 hp.
You claw the hog! The hog bites you but does no damage. The hog bites you.
The hog misses you.
You take 2 damage, and have 32/89 hp.
You scratch the hog but do no damage. The hog bites you but does no damage.
The hog bites you!
* * * LOW HITPOINT WARNING * * *
The hog closely misses you. The hog barely misses you.
You take 11 damage, and have 21/89 hp.
You scratch the hog but do no damage. The hog bites you but does no damage.
The hog closely misses you. The hog bites you.
* * * LOW HITPOINT WARNING * * *
You take 4 damage, and have 17/89 hp.
You scratch the hog. The hog bites you!
* * * LOW HITPOINT WARNING * * *
The hog bites you!
You die...

#.##........############
#.#########.#...........
#.......# #.#...........
#######.# #.#...........
########...###.#.#.#####...
>..........................
########.##.####.#.#.##....
#######h.#......#.##.... ######
#?%..Yh@+#.##.###..#..(. #....#
#%....#h...#.......#.... #....#
###'###....#########.... #....#
#.....#...<+.........#..
#....#####.....#....#############
#........#######....# #...
#...................# #.##
#..............###### # #.
#..............# ###.#.


You could see a yak and 3 hogs.

Vanquished Creatures
  Pikel (D:4)
  Grinder (D:4)
  A hippogriff (D:5)
  A human (D:7)
  An orc warrior (D:6)
  2 ice beasts
  A black bear (D:6)
  A sky beast (D:6)
  A slave (D:4)
  A phantom (D:6)
  3 ogres
  2 centaurs (D:6)
  4 bullfrogs
  A scorpion (D:7)
  3 wights (D:6)
  2 howler monkeys (D:7)
  3 crimson imps
  A bullfrog zombie (D:6)
  A quasit (D:6)
  A hound (D:4)
  3 jellies
  A bullfrog skeleton (D:4)
  4 orc priests
  5 orc wizards
  An iguana (D:4)
  3 worker ants
  A worker ant zombie (D:6)
  9 gnolls
  3 adders
  A dart slug (D:2)
  4 leopard geckos
  18 orcs
  2 ball pythons
  3 giant cockroaches
  17 hobgoblins
  4 jackals (D:5)
  9 kobolds
  8 bats
  2 frilled lizards
  18 goblins
  A leopard gecko zombie (D:5)
  6 rats
155 creatures vanquished.

Vanquished Creatures (others)
  A slave (D:4)
  An orc priest (D:4)
  An orc wizard (D:5)
  3 orcs (D:4)
  A hobgoblin (D:4)
7 creatures vanquished.

Grand Total: 162 creatures vanquished

Notes
Turn   | Place    | Note
-------+----------+-------------------------------------------
     0 | D:1      | drasked the Troll Monk began the quest for the Orb.
     0 | D:1      | Reached XP level 1. HP: 22/22 MP: 0/0
   226 | D:1      | Reached XP level 2. HP: 29/29 MP: 1/1
   819 | D:2      | Reached XP level 3. HP: 36/36 MP: 2/2
   952 | D:2      | Found a stormy altar of Qazlal.
  1201 | D:3      | Reached skill level 3 in Fighting
  1201 | D:3      | Reached skill level 4 in Unarmed Combat
  1201 | D:3      | Reached XP level 4. HP: 38/45 MP: 3/3
  1262 | D:3      | Reached skill level 3 in Dodging
  1361 | D:3      | Reached XP level 5. HP: 44/53 MP: 4/4
  1370 | D:3      | Found a shimmering altar of Xom.
  1371 | D:3      | Found a shimmering altar of Xom.
  1378 | D:3      | Found a shimmering altar of Xom.
  1387 | D:3      | Found a shimmering altar of Xom.
  1668 | D:4      | Found a bloodstained altar of Trog.
  1668 | D:4      | Found a hide-covered altar of Uskayaw.
  1670 | D:4      | Found a hazy altar of Hepliaklqana.
  1674 | D:4      | Noticed Grinder
  1700 | D:4      | Killed Grinder
  1700 | D:4      | Reached skill level 5 in Unarmed Combat
  1700 | D:4      | Reached XP level 6. HP: 41/62 MP: 5/5
  1793 | D:4      | Found Hujupp's Armour Shop.
  1974 | D:4      | Found a blossoming altar of Fedhas.
  1988 | D:4      | Found a sacrificial altar of Ru.
  2006 | D:4      | Noticed a slave
  2006 | D:4      | Noticed a slave
  2006 | D:4      | Noticed a slave
  2006 | D:4      | Noticed a slave
  2007 | D:4      | Noticed Pikel
  2010 | D:4      | Killed a slave
  2019 | D:4      | Killed Pikel
  2019 | D:4      | Reached skill level 4 in Fighting
  2019 | D:4      | Reached skill level 4 in Dodging
  2019 | D:4      | Reached skill level 6 in Unarmed Combat
  2019 | D:4      | Reached XP level 7. HP: 24/71 MP: 6/6
  2150 | D:4      | Reached skill level 7 in Unarmed Combat
  2360 | D:4      | Reached XP level 8. HP: 67/79 MP: 7/7
  2746 | D:4      | Got a dazzling spear
  2750 | D:4      | Identified the +4 spear "Yrorgh" {freeze, Str+6} (You found it on level 4 of the Dungeon)
  2837 | D:5      | Entered Level 5 of the Dungeon
  2881 | D:5      | Found an opulent altar of Gozag.
  3000 | D:5      | Reached skill level 5 in Fighting
  3117 | D:5      | Reached skill level 5 in Dodging
  3117 | D:5      | Reached skill level 8 in Unarmed Combat
  3750 | D:5      | Noticed a hippogriff
  3755 | D:5      | Killed a hippogriff
  3951 | D:6      | Reached XP level 9. HP: 59/88 MP: 8/8
  4000 | D:6      | Found a snail-covered altar of Cheibriados.
  4037 | D:6      | Reached skill level 9 in Unarmed Combat
  4394 | D:6      | Found a sparkling altar of Nemelex Xobeh.
  4534 | D:6      | Found a staircase to the Ecumenical Temple.
  4540 | Temple   | Entered the Ecumenical Temple
  5258 | D:6      | Reached skill level 6 in Fighting
  5448 | D:7      | Reached skill level 6 in Dodging
  5480 | D:7      | Found a burning altar of Makhleb.
  5501 | D:7      | Reached skill level 10 in Unarmed Combat
  5748 | D:7      | HP: 21/89 [hog (11)]
  5750 | D:7      | HP: 6/89 [hog (11)]
  5750 | D:7      | Slain by a hog

Vault maps used:
D:1:      elethiomel_arrival_quiet
D:2:      nicolae_qazlal_eye_of_the_storm
D:3:      xom_redecorated, first_bread
D:4:      corexii_shantytown, grunt_temple_overflow_open, kennysheep_mini,
          serial_shops, nicolae_shop_trees, nicolae_ru_path_of_blood,
          uniq_pikel, uniq_grinder
D:5:      basic_altar
D:6:      nemelex_xobeh_ov_fountains_minmay, minmay_temple_entry_fiery,
          basic_altar
D:7:      nicolae_overflow_crystal_walls, grunt_livestock
Temple:   regret_index_temple_generic_petals

Skill      XL: |  1  2  3  4  5  6  7  8  9 |
---------------+----------------------------+-----
Fighting       | 3 4 5 6 |  6.2
Unarmed Combat | 4 5 6 7 8 10 | 10.2
Dodging        | 3 4 5 6 |  6.2
Stealth        | |  1.0

Action                   |  1- 3 |  4- 6 |  7- 9 || total
-------------------------+-------+-------+-------++-------
Melee: Unarmed           |    82 |    79 |   279 ||   440
       Punch             |     1 |     4 |    13 ||    18
  Use: Scroll            |       |       |    16 ||    16
 Stab: Sleeping          |     3 |       |     4 ||     7
  Eat: Chunk             |    15 |     6 |    37 ||    58
Armor: Robe              |    20 |    25 |    54 ||    99
Dodge: Dodged            |    39 |    31 |   133 ||   203

Vault maps used:
D:1:      elethiomel_arrival_quiet
D:2:      nicolae_qazlal_eye_of_the_storm
D:3:      xom_redecorated, first_bread
D:4:      corexii_shantytown, grunt_temple_overflow_open, kennysheep_mini,
          serial_shops, nicolae_shop_trees, nicolae_ru_path_of_blood,
          uniq_pikel, uniq_grinder
D:5:      basic_altar
D:6:      nemelex_xobeh_ov_fountains_minmay, minmay_temple_entry_fiery,
          basic_altar
D:7:      nicolae_overflow_crystal_walls, grunt_livestock
Temple:   regret_index_temple_generic_petals

Table legend:
 A = Turns spent in this place as a percentage of turns spent in the entire game.
 B = Non-inter-level travel turns spent in this place as a percentage of non-inter-level travel turns spent in the entire game.
 C = Inter-level travel turns spent in this place as a percentage of turns spent in this place.
 D = Turns resting spent in this place as a percentage of non-inter-level travel turns spent in this place.
 E = Turns spent auto-exploring this place as a percentage of non-inter-level travel turns spent in this place.
 F = Non-inter-level travel turns spent in this place divided by the number of levels of this place that you've seen.
                   A       B       C       D       E      F
               +-------+-------+-------+-------+-------+----------------------
         Total | 100.0 | 100.0 |   0.4 |   1.8 |   9.9 | 271.8
       Dungeon |  97.7 |  97.7 |   0.4 |   1.9 |   9.4 | 303.6
        Temple |   2.3 |   2.3 |   2.0 |   0.0 |  32.7 |  49.0
               +-------+-------+-------+-------+-------+----------------------

Table legend:
 A = Kills in this place as a percentage of kills in entire the game.
 B = Kills by you in this place as a percentage of kills by you in the entire game.
 C = Kills by friends in this place as a percentage of kills by friends in the entire game.
 D = Other kills in this place as a percentage of other kills in the entire game.
 E = Experience gained in this place as a percentage of experience gained in the entire game.
 F = Experience gained in this place divided by the number of levels of this place that you have seen.
                   A       B       C       D       E      F
               +-------+-------+-------+-------+-------+----------------------
         Total | 100.0 | 100.0 |  -nan | 100.0 | 100.0 | 594.9
       Dungeon | 100.0 | 100.0 |  -nan | 100.0 | 100.0 | 679.9
               +-------+-------+-------+-------+-------+----------------------
